 Dungeon Crawl Stone Soup version 0.26-a0-651-gb41185065b (webtiles) character file.

Game seed: 16335790970575776245

14976 Ozzies the Fighter (level 12, -7/81 HPs)
             Began as a Gargoyle Fighter on Oct 3, 2020.
             Was a High Priest of Okawaru.
             Killed by divine providence
             ... invoked by an orc priest
              (10 damage)
             ... on level 11 of the Dungeon.
             The game lasted 00:33:12 (14095 turns).

Ozzies the Fighter (Gargoyle Fighter)              Turns: 14095, Time: 00:33:13

Health: -7/81      AC: 24    Str: 31    XL:     12   Next: 22%
Magic:  16/16      EV: 12    Int:  8    God:    Okawaru [*****.]
Gold:   897        SH: 12    Dex:  9    Spells: 11/11 levels left

rFire    . . .     SeeInvis .   P - +0 whip (vamp)
rCold    + . .     Faith    .   c - +0 kite shield
rNeg     + . .     Spirit   .   g - +2 acid dragon scales
rPois    ∞         Reflect  .   (no helmet)
rElec    +         Harm     .   (no cloak)
rCorr    +         Rampage  .   d - +1 pair of gloves {Str+3}
MR       .....                  r - +2 pair of boots
Stlth    +.........             (no amulet)
HPRegen  0.23/turn              h - ring of protection from fire
MPRegen  0.15/turn              z - ring "Dafut" {Ice rElec Str+2}

@: no status effects
A: negative energy resistance 1, electricity resistance, unbreathing,
petrification resistance, rot immunity, AC +8
a: Heroism, Finesse, Renounce Religion


You were on level 11 of the Dungeon.
You worshipped Okawaru.
Okawaru was extremely pleased with you.
You visited 3 branches of the dungeon, and saw 13 of its levels.
You also visited: Ice Cave.

You collected 897 gold pieces.

Inventory:

Hand Weapons
 a - a +2 vampiric trident
 l - a +2 mace
 B - a +2 antimagic dire flail
 J - a +1 hand axe of venom
 N - a +3 dire flail of holy wrath
 P - a +0 vampiric whip (weapon)
Missiles
 n - 65 poisoned darts (quivered)
 q - 4 javelins
 K - 2 throwing nets
Armour
 c - a +0 kite shield (worn)
 d - a +1 pair of gloves of strength (worn)
 g - +2 acid dragon scales (worn)
 r - a +2 pair of boots (worn)
 M - a +0 pair of gloves
 O - a +0 plate armour
Jewellery
 e - an uncursed ring of flight
 h - a ring of protection from fire (left hand)
 t - an uncursed ring of stealth
 x - an uncursed ring of positive energy
 z - the ring "Dafut" (right hand) {Ice rElec Str+2}
   (You found it on level 5 of the Dungeon)

   [ring of ice]

   It enhances your ice magic.
   It affects your strength (+2).
   It makes you vulnerable to fire.
   It protects you from cold.
   It insulates you from electricity.
Wands
 m - a wand of paralysis (13)
 o - a wand of enslavement (5)
 w - a wand of random effects (21)
 G - a wand of acid (12)
 H - a wand of polymorph (7)
Scrolls
 b - 5 scrolls of identify
 f - 5 scrolls of fog
 p - 5 scrolls of enchant weapon
 y - 3 scrolls of teleportation
 A - 2 scrolls of enchant armour
 D - 3 scrolls of remove curse
 F - a scroll of magic mapping
 I - a scroll of summoning {unknown}
Potions
 i - 2 potions of flight {unknown}
 j - a potion of mutation
 k - 2 potions of stabbing
 s - a potion of cancellation
 u - a potion of resistance
 v - a potion of haste
 C - a potion of invisibility {unknown}
 E - a potion of brilliance
 L - 2 potions of lignification {unknown}


   Skills:
 * Level 12.2 Fighting
 * Level 9.8 Maces & Flails
 + Level 8.0 Armour
 + Level 5.6 Dodging
 + Level 7.9 Shields
 + Level 6.6 Invocations


You had 11 spell levels left.
You didn't know any spells.
Your spell library contained the following spells:

 Spells                   Type           Power        Failure   Level
 Magic Dart               Conj           #...         77%         1
 Shock                    Conj/Air       #...         77%         1
 Searing Ray              Conj           #.....       88%         2
 Swiftness                Air            #.......     88%         2
 Dazzling Flash           Conj/Hex       #.....       98%         3
 Static Discharge         Conj/Air       #.......     98%         3
 Airstrike                Air            #.........   100%        4
 Fulminant Prism          Conj/Hex       #.........   100%        4
 Iskenderun's Mystic Bla  Conj/Tloc      #.......     100%        4
 Lightning Bolt           Conj/Air       #.........   100%        5
 Ignition                 Fire           #.........   100%        8
 Shatter                  Erth           #.........   100%        9
 Tornado                  Air            #.........   100%        9


Dungeon Overview and Level Annotations

Branches:
Dungeon (11/15)            Temple (1/1) D:4            Lair (1/6) D:10
  IceCv (visited)
    Orc: D:9-12

Altars:
Ashenzari
Cheibriados
Dithmenos
Elyvilon
Fedhas
Gozag
Kikubaaqudgha
Makhleb
Nemelex Xobeh
Okawaru
Qazlal
Ru
Sif Muna
Trog
Uskayaw
Vehumet
Wu Jian
Yredelemnul
Zin
The Shining One

Annotations:
D:3 exclusion: downstairs
D:6 2 transporters, XanderDroid's ghost, novice GnWz


Innate Abilities, Weirdness & Mutations

You are resistant to torment.
Your stone body is resilient. (AC +8)
You are immune to poison.
You resist negative energy. (rN+)
You are resistant to electric shocks. (rElec)
You can survive without breathing.
You are immune to petrification.
You are immune to rotting.


Message History

You barely miss the yak. The yak gores you!
You hit the yak but do no damage. You hit the yak but do no damage.
You block the orc warrior's attack. The yak gores you but does no damage.
You hit the yak.
The yak is lightly wounded.
The orc priest invokes the aid of Beogh against you.
Beogh smites you!
* * * LOW HITPOINT WARNING * * *
The yak barely misses you.
The orc priest calls down the wrath of Beogh upon you.
Beogh smites you!
* * * LOW HITPOINT WARNING * * *
There is an open door here.
You feel like a meek peon again.
Okay, then.
The orc priest looks encouraged for a moment.
The orc priest mumbles some strange prayers to Beogh against you.
Beogh smites you!
You die...

#.............#
###.....≈.......#
.......≈≈.......# .
###...#.≈.##...# .#
##≈≈≈.#...##...######.##.
≈≈≈...(..(...............
≈##......................
#.≈≈......(...<........
≈≈≈..≈≈....)....@........
##≈...≈≈........Y..##...
#≈................#########
##................>#......#
#...............o.#......#
#........^........#......#
................#......#
................o.o..Y.####
..............##..o......#


You could see a yak, an orc warrior and an orc priest.

Vanquished Creatures
  A hydra (Lair:1)
  3 two-headed ogres
  3 ugly things
  A black mamba (Lair:1)
  2 cyclopes
  2 ice statues (IceCv)
  Maggie (D:8)
  A cane toad (Lair:1)
  2 ice devils (Lair:1)
  A troll (D:10)
  Grinder (D:4)
  3 hippogriffs
  Sigmund (D:4)
  A wyvern (D:9)
  Eustachio (D:6)
  A vampire mosquito (D:9)
  8 yaks
  Menkaure (D:4)
  Edmund (D:5)
  A porcupine (Lair:1)
  Duvessa (D:4)
  2 black bears
  4 orc warriors
  3 sky beasts
  8 ice beasts
  2 phantoms
  6 wolves (Lair:1)
  3 ogres
  4 centaurs
  2 crocodiles (Lair:1)
  2 big kobolds
  Blork the orc (D:4)
  7 bullfrogs
  Dowan (D:4)
  A hornet simulacrum (D:10)
  A scorpion (D:9)
  A howler monkey (D:8)
  5 wights (D:10)
  3 electric eels
  A bullfrog zombie (D:6)
  12 hounds
  3 quasits
  A bullfrog skeleton (D:5)
  2 jellies (D:8)
  4 orc priests
  A centaur skeleton (D:7)
  4 orc wizards
  4 iguanas
  5 worker ants
  2 hound skeletons
  9 adders
  A shadow imp (D:8)
  3 white imps
  An ufetubus (D:8)
  An ooze (D:3)
  2 dart slugs
  8 leopard geckos
  28 orcs
  8 giant cockroaches
  8 hobgoblins
  11 jackals
  14 kobolds
  6 quokkas
  3 ball pythons
  9 bats
  4 frilled lizards
  12 goblins
  2 jackal skeletons
  A leopard gecko skeleton (D:4)
  A quokka skeleton (D:9)
  11 rats
275 creatures vanquished.

Vanquished Creatures (others)
  A plant (Lair:1)
1 creature vanquished.

Grand Total: 276 creatures vanquished

Notes
Turn   | Place    | Note
-------+----------+-------------------------------------------
     0 | D:1      | Ozzies the Gargoyle Fighter began the quest for the Orb.
     0 | D:1      | Reached XP level 1. HP: 14/14 MP: 1/1
    49 | D:1      | Reached XP level 2. HP: 10/20 MP: 2/2
    98 | D:1      | Reached skill level 4 in Fighting
   393 | D:1      | Reached XP level 3. HP: 21/24 MP: 3/3
   696 | D:2      | Found an ornate altar of the Wu Jian Council.
   823 | D:2      | Reached skill level 5 in Fighting
   979 | D:2      | Reached XP level 4. HP: 31/31 MP: 4/4
  1704 | D:3      | Noticed a hippogriff
  1720 | D:3      | Killed a hippogriff
  1720 | D:3      | Reached skill level 7 in Fighting
  1720 | D:3      | Reached XP level 5. HP: 4/38 MP: 5/5
  1720 | D:3      | Reached XP level 6. HP: 5/44 MP: 6/6
  2350 | D:4      | Noticed Sigmund
  2502 | D:4      | Noticed Blork the orc
  2511 | D:4      | Killed Blork the orc
  2631 | D:4      | Noticed Grinder
  2642 | D:4      | Paralysed by Grinder for 4 turns
  2664 | D:4      | Killed Grinder
  2664 | D:4      | Reached skill level 8 in Fighting
  2664 | D:4      | Reached skill level 1 in Dodging
  2664 | D:4      | Reached XP level 7. HP: 31/50 MP: 7/7
  3059 | D:4      | Found a snail-covered altar of Cheibriados.
  3095 | D:4      | Killed Sigmund
  3187 | D:4      | Found a staircase to the Ecumenical Temple.
  3199 | Temple   | Entered the Ecumenical Temple
  3308 | Temple   | Became a worshipper of Warmaster Okawaru
  3674 | D:4      | Noticed Dowan
  3675 | D:4      | Noticed Duvessa
  3707 | D:4      | Killed Duvessa
  3707 | D:4      | Reached XP level 8. HP: 56/56 MP: 8/8
  3712 | D:4      | Killed Dowan
  3712 | D:4      | Reached skill level 9 in Fighting
  3906 | D:4      | Reached skill level 5 in Armour
  4058 | D:4      | Got a pair of masterwork boots
  4068 | D:4      | Identified the +0 pair of boots of Experimentation {Int+6}
                  | (You found it on level 4 of the Dungeon)
  4128 | D:4      | Noticed Menkaure
  4147 | D:4      | Killed Menkaure
  4147 | D:4      | Reached * piety under Okawaru
  4628 | D:5      | Entered Level 5 of the Dungeon
  4660 | D:5      | Reached skill level 5 in Shields
  4731 | D:5      | Got a smoking gossamer ring
  4855 | D:5      | Identified the ring "Dafut" {Ice rElec Str+2} (You found it
                  | on level 5 of the Dungeon)
  4917 | D:5      | Found a broken altar of Ashenzari.
  4940 | D:5      | Noticed Edmund
  4954 | D:5      | Killed Edmund
  5678 | D:6      | Reached skill level 1 in Invocations
  5768 | D:6      | Reached XP level 9. HP: 54/61 MP: 9/9
  5874 | D:6      | Noticed Eustachio
  5898 | D:6      | Killed Eustachio
  5898 | D:6      | Reached ** piety under Okawaru
  6188 | D:6      | Found a hide-covered altar of Uskayaw.
  6188 | D:6      | Noticed a +0 hand axe
  6188 | D:6      | Noticed a +0 hand axe
  6990 | D:6      | Noticed XanderDroid's ghost (novice GnWz)
  6999 | D:6      | Found a transporter.
  7006 | D:6      | Found a transporter.
  7185 | D:7      | Found a sacrificial altar of Ru.
  7710 | D:8      | Reached skill level 10 in Fighting
  7757 | D:8      | Noticed Maggie
  7796 | D:8      | Killed Maggie
  7949 | D:8      | Reached *** piety under Okawaru
  8228 | D:8      | Reached skill level 5 in Maces & Flails
  8562 | D:9      | Found a runed translucent door.
  8604 | D:9      | Found a runed translucent door.
  8621 | D:9      | Received a gift from Okawaru
  8670 | D:9      | Reached XP level 10. HP: 35/68 MP: 13/13
  8976 | D:9      | Found a radiant altar of Vehumet.
  9501 | D:9      | Noticed a cyclops
  9527 | D:9      | Killed a cyclops
  9546 | D:9      | Identified the cursed +1 hunting sling "Loffyc" {speed,
                  | MR+}
  9586 | D:9      | Reached **** piety under Okawaru
  9586 | D:9      | Received a gift from Okawaru
  9907 | D:9      | Noticed a two-headed ogre
  9923 | D:9      | Killed a two-headed ogre
 10197 | D:10     | Entered Level 10 of the Dungeon
 10299 | D:10     | Reached skill level 5 in Invocations
 10373 | D:10     | Found a staircase to the Lair.
 10403 | D:10     | Reached XP level 11. HP: 27/73 MP: 14/14
 10692 | D:10     | Reached ***** piety under Okawaru
 10766 | D:10     | Reached skill level 11 in Fighting
 11034 | D:10     | Noticed a two-headed ogre
 11055 | D:10     | Killed a two-headed ogre
 11371 | D:10     | Found a shadowy altar of Dithmenos.
 11475 | D:11     | Noticed a cyclops
 11475 | D:11     | Noticed a two-headed ogre
 11535 | D:10     | Killed a two-headed ogre
 11804 | Lair:1   | Entered Level 1 of the Lair of Beasts
 11849 | Lair:1   | Reached skill level 5 in Dodging
 11937 | Lair:1   | Found a frozen archway.
 11968 | Lair:1   | HP: 3/74 [black mamba (9)]
 12338 | IceCv    | Entered an ice cave
 12338 | IceCv    | Noticed a white ugly thing
 12365 | IceCv    | Killed a white ugly thing
 12459 | IceCv    | Found a transporter.
 12483 | IceCv    | Noticed a white ugly thing
 12484 | IceCv    | Found a transporter.
 12501 | IceCv    | Killed a white ugly thing
 12501 | IceCv    | Received a gift from Okawaru
 12960 | Lair:1   | Noticed a seven-headed hydra
 12973 | Lair:1   | Killed a seven-headed hydra
 13318 | Lair:1   | Reached XP level 12. HP: 81/81 MP: 16/16
 13327 | Lair:1   | Reached skill level 12 in Fighting
 14086 | D:11     | HP: 1/81 [orc priest/divine providence (13)]
 14095 | D:11     | Killed from afar by an orc priest

Illustrated notes

Levels and vault maps discovered:
D:1:      minmay_arrival_doors, layout_rooms
D:2:      layout_loops_cross, lemuel_crystal_altar
D:3:      layout_basic, minmay_statues_item
D:4:      layout_layer_cave, cheibriados_altar_1, minmay_temple_entry_slanted,
          uniq_duvessa, uniq_sigmund, uniq_grinder, uniq_blork_the_orc,
          uniq_menkaure
D:5:      layout_loops_corners, ashenzari_altar_1, uniq_edmund
D:6:      layout_basic, dancing_weapons_uskayaw, gammafunk_ghost_smash,
          minivault_5, uniq_eustachio
D:7:      layout_gridville, st_stairs_2, nicolae_ru_awakened_eye
D:8:      layout_loops_ring, uniq_maggie
D:9:      cheibrodos_histonic, layout_small_grid, lemuel_crystal_altar
D:10:     layout_roguey, erik_lair_island, grunt_dithmenos_smoke_and_mirrors
D:11:     layout_gridville, erik_orc_1, chequers_serial_rivers_small_b,
          minmay_statue_crystal_thing
Temple:   dpeg_five_rooms_temple
Lair:1:   layout_gridlike, portal_ice_cave_demonic_guard, st_stairs_7,
          lemuel_fruit_tree

Skill      XL: |  1  2  3  4  5  6  7  8  9 10 11 12 |
---------------+-------------------------------------+-----
Fighting       | 4 5 7 8 9 10 11 12 | 12.2
Armour         | 4 6 7 8 |  8.0
Dodging        | 1 2 4 5 |  5.6
Shields        | 4 5 6 7 |  7.9
Invocations    | 1 4 5 6 |  6.6
Maces & Flails | 6 8 9 |  9.8

Action                   |  1- 3 |  4- 6 |  7- 9 | 10-12 || total
-------------------------+-------+-------+-------+-------++-------
Melee: Flail             |   139 |    15 |       |       ||   154
       Spear             |       |   112 |   343 |       ||   455
       Hand axe          |       |       |   115 |   375 ||   490
       Mace              |       |       |       |   114 ||   114
       Dire flail        |       |       |       |    46 ||    46
       Whip              |       |       |       |   255 ||   255
Invok: Heroism           |       |       |     2 |    10 ||    12
       Finesse           |       |       |       |     3 ||     3
  Use: Scroll            |       |       |    10 |    11 ||    21
       Potion            |       |       |       |     7 ||     7
 Stab: Sleeping          |       |       |     2 |     2 ||     4
Armor: Scale mail        |   105 |    50 |   150 |       ||   305
       Acid dragon scale |       |       |    86 |   319 ||   405
Dodge: Dodged            |    58 |    25 |   149 |   345 ||   577
Block: Kite shield       |    94 |    54 |   269 |   404 ||   821

Table legend: (Time is in decaauts)
 A = Elapsed time spent in this place.
 B = Non-inter-level travel time spent in this place.
 C = Inter-level travel time spent in this place.
 D = Time resting spent in this place.
 E = Time spent auto-exploring this place.
 F = Levels seen in this place.
 G = Mean time per level.
                   A        B        C        D        E       F      G
               +--------+--------+--------+--------+--------+-----+--------+
         Total |  14091 |  13286 |    805 |   1110 |   9542 |  14 | 1006.5 |
       Dungeon |  12389 |  11736 |    653 |   1107 |   8356 |  11 | 1126.3 |
        Temple |    189 |    163 |     26 |      0 |    156 |   1 |  189.0 |
          Lair |   1059 |    934 |    125 |      3 |    682 |   1 | 1059.0 |
      Ice Cave |    452 |    452 |      0 |      0 |    348 |   1 |  452.0 |
               +--------+--------+--------+--------+--------+-----+--------+

Top non-repeatable levels by time:
    D:10: 1989 daAuts
     D:4: 1862 daAuts
     D:9: 1687 daAuts
     D:6: 1444 daAuts
     D:3: 1313 daAuts
  Lair:1: 1059 daAuts
     D:5: 1004 daAuts
     D:8: 872 daAuts
     D:1: 689 daAuts
     D:2: 666 daAuts
     D:7: 633 daAuts
   IceCv: 452 daAuts
    D:11: 225 daAuts
  Temple: 189 daAuts
